 Dungeon Crawl Stone Soup version 0.27.1-34-g3ba077fa99 (webtiles) character file.

Game seed: 6319688755664536996

1592050 Sharkman1231 the Phalangite (level 27, 153/233 HPs)
             Began as a Formicid Abyssal Knight on Jan 22, 2022.
             Was the Champion of Lugonu.
             Escaped with the Orb
             ... and 3 runes on Jan 23, 2022!
             The game lasted 02:11:07 (87257 turns).

Sharkman1231 the Phalangite (FoAK)                 Turns: 87257, Time: 02:11:08

Health: 153/233    AC: 33    Str: 24 (25) XL:     27
Magic:  39/39      EV: 22    Int: 12      God:    Lugonu [******]
Gold:   6214       SH: 26    Dex: 20      Spells: 41/46 levels left

rFire    + . .     SeeInvis +   b - +6 bardiche (venom)
rCold    + + .     Faith    .   T - +0 tower shield {rN+}
rNeg     + . .     Spirit   .   p - +7 swamp dragon scales
rPois    +         Reflect  +   (helmet unavailable)
rElec    +         Harm     .   E - +2 cloak
rCorr    +         Rampage  +   P - +2 pair of gloves of Cloud Cover {Rampage rF+ rCorr Str+2}
Will     ++...                  C - +0 pair of boots
Stlth    ++........             o - amulet "Tesea" {Reflect rElec rPois Dex-3 SH+5 SInv}
HPRegen  0.48/turn              q - ring of Burumaesu {rC+ AC+4 Str+4}
MPRegen  0.26/turn              G - ring of Caenet {*Corrode rC+ Dex+4 Slay+6}

@: studying 3 skills
A: permanent stasis, dig shafts and tunnels, antennae 3, four strong arms,
deterioration 1, dopey 1, poison resistance, electricity resistance
0: Orb of Zot
}: 3/15 runes: decaying, serpentine, silver
a: Dig, Shaft Self, Renounce Religion, Depart the Abyss, Bend Space, Banish,
Corrupt, Enter the Abyss, Brand Weapon With Distortion


You escaped.
You worshipped Lugonu.
Lugonu was exalted by your worship.
You visited 10 branches of the dungeon, and saw 50 of its levels.
You visited the Abyss 4 times.
You also visited: Trove, Bailey, Gauntlet, Ice Cave and Desolation.

You collected 8747 gold pieces.
You spent 2533 gold pieces at shops.

Inventory:

Hand Weapons
 a - a +1 demon trident of electrocution
 b - a +6 bardiche of venom (weapon)
Missiles
 v - 3 throwing nets
Armour
 p - +7 swamp dragon scales (worn)
 C - a +0 pair of boots (worn)
 E - a +2 cloak (worn)
 P - the +2 pair of gloves of Cloud Cover (worn) {Rampage rF+ rCorr Str+2}
   (You found it in a Gauntlet)

   Str:       It affects your strength (+2).
   rF:        It protects you from fire.
   rCorr:     It protects you from acid and corrosion.
   Rampage:   It bestows one free step when moving towards enemies.
 Q - the +5 ring mail of the Pits of Slime {Will+ Int+4}
   (You found it on level 10 of the Dungeon)

   Int:       It affects your intelligence (+4).
   Will:      It increases your willpower.
 T - a +0 tower shield of positive energy (worn)
Jewellery
 c - a +4 ring of evasion
 g - the ring of Kadienk {Drain Will++ Str+6 Int+9 Stlth-}
   (You acquired it in a bailey)

   [ring of strength]

   Str:       It affects your strength (+6).
   Int:       It affects your intelligence (+9).
   Drain:     It drains your maximum health when unequipped.
   Will:      It greatly increases your willpower.
   Stlth:     It makes you less stealthy.
 o - the amulet "Tesea" (around neck) {Reflect rElec rPois Dex-3 SH+5 SInv}
   (You found it in the Desolation of Salt)

   [amulet of reflection]

   It reflects blocked missile attacks.
   Dex:       It affects your dexterity (-3).
   rElec:     It insulates you from electricity.
   rPois:     It protects you from poison.
   SInv:      It lets you see invisible.
   SH:        It affects your SH (+5).
 q - the ring of Burumaesu (left hand) {rC+ AC+4 Str+4}
   (You found it in the Desolation of Salt)

   [ring of protection]

   AC:        It affects your AC (+4).
   Str:       It affects your strength (+4).
   rC:        It protects you from cold.
 r - a ring of flight
 z - the amulet of the Four Winds {rN+ Will+++ Clar}
   (You took it off a yaktaur captain on level 5 of the Vaults)

   [amulet of nothing]

   rN:        It protects you from negative energy.
   Clar:      It protects you against confusion.
   Will:      It greatly increases your willpower.
 D - an amulet of regeneration
 G - the ring of Caenet (right hand) {*Corrode rC+ Dex+4 Slay+6}
   (You found it in the Desolation of Salt)

   [ring of protection from cold]

   Dex:       It affects your dexterity (+4).
   Slay:      It affects your accuracy & damage with ranged weapons and melee
   (+6).
   rC:        It protects you from cold.
   *Corrode:  It may corrode you when you take damage.
 M - the ring "Xururen" {rF+ Str+4}
   (You found it on level 5 of the Vaults)

   [ring of protection from fire]

   Str:       It affects your strength (+4).
   rF:        It protects you from fire.
 N - the ring of Toraqy {AC+4 Str+3 Int+4}
   (You found it in a Gauntlet)

   [ring of protection]

   AC:        It affects your AC (+4).
   Str:       It affects your strength (+3).
   Int:       It affects your intelligence (+4).
 O - a ring of protection from fire
 R - a ring of ice
Wands
 h - a wand of flame (157)
 s - a wand of iceblast (107)
 B - a wand of polymorph (23)
 H - a wand of mindburst (50)
 I - a wand of charming (21)
 J - a wand of paralysis (23)
 V - a wand of acid (50)
 W - a wand of digging (17)
Scrolls
 j - 5 scrolls of silence
 k - 9 scrolls of fog
 m - 4 scrolls of immolation
 n - 5 scrolls of fear
 t - a scroll of amnesia
 w - a scroll of vulnerability
 x - 5 scrolls of summoning
 U - 5 scrolls of holy word
Potions
 d - 6 potions of mutation
 e - 9 potions of flight
 i - 11 potions of lignification
 l - 4 potions of cancellation
 u - 6 potions of might
 A - 6 potions of resistance
 F - 3 potions of magic
 L - 3 potions of ambrosia
 S - 23 potions of curing
 X - 5 potions of invisibility
 Y - 13 potions of heal wounds
 Z - 8 potions of brilliance
Miscellaneous
 f - a condenser vane
 y - a phial of floods
 K - a phantom mirror


   Skills:
 - Level 22.6 Fighting
 - Level 26.0 Polearms
 - Level 18.3 Armour
 - Level 16.1 Dodging
 - Level 12.0 Stealth
 - Level 15.0 Shields
 - Level 10.0 Spellcasting
 - Level 11.0 Hexes
 - Level 8.0 Air Magic
 + Level 25.7 Invocations
 - Level 16.5 Evocations


You had 41 spell levels left.
You knew the following spells:

 Your Spells              Type           Power      Damage    Failure   Level
a - Silence               Hex/Air        14%        N/A       9%          5

Your spell library contained the following spells:

 Spells                   Type           Power      Damage    Failure   Level
 Corona                   Hex            35%        N/A       1%          1
 Slow                     Hex            32%        N/A       1%          2
 Confusing Touch          Hex            32%        N/A       1%          3
 Tukima's Dance           Hex            32%        N/A       1%          3
 Cause Fear               Hex            16%        N/A       1%          4
 Ensorcelled Hibernation  Hex/Ice        38%        N/A       2%          2
 Shock                    Conj/Air       60%        1d6       3%          1
 Corpse Rot               Necr/Air       N/A        N/A       4%          2
 Poisonous Vapours        Pois/Air       30%        N/A       4%          2
 Static Discharge         Conj/Air       15%        N/A       4%          2
 Dazzling Flash           Conj/Hex       38%        N/A       4%          3
 Portal Projectile        Hex/Tloc       38%        N/A       4%          3
 Airstrike                Air            12%        N/A       6%          4
 Animate Skeleton         Necr           12%        N/A       16%         1
 Apportation              Tloc           12%        N/A       16%         1
 Foxfire                  Conj/Fire      24%        2x1d5     16%         1
 Freeze                   Ice            24%        1d5       16%         1
 Magic Dart               Conj           24%        1d4       16%         1
 Pain                     Necr           24%        1d5       16%         1
 Sting                    Tmut/Pois      24%        1d4       16%         1
 Summon Small Mammal      Summ           24%        N/A       16%         1
 Mephitic Cloud           Conj/Pois/Air  12%        N/A       16%         3
 Leda's Liquefaction      Hex/Erth       9%         N/A       16%         4
 Call Imp                 Summ           6%         N/A       24%         2
 Sublimation of Blood     Necr           3%         N/A       24%         2
 Summon Lightning Spire   Summ/Air       15%        N/A       30%         4
 Metabolic Englaciation   Hex/Ice        9%         N/A       41%         5
 Summon Mana Viper        Hex/Summ       19%        N/A       41%         5
 Call Canine Familiar     Summ           6%         N/A       43%         3
 Conjure Flame            Conj/Fire      6%         6-21      43%         3
 Frozen Ramparts          Ice            12%        1d3       43%         3
 Gell's Gravitas          Tloc           3%         N/A       43%         3
 Ignite Poison            Fire/Tmut/Pois 6%         N/A       43%         3
 Lesser Beckoning         Tloc           3%         N/A       43%         3
 Spider Form              Tmut/Pois      3%         N/A       43%         3
 Stone Arrow              Conj/Erth      12%        3d7       43%         3
 Teleport Other           Tloc           6%         N/A       43%         3
 Vampiric Draining        Necr           3%         2d6       43%         3
 Lightning Bolt           Conj/Air       7%         1d20      63%         5
 Animate Dead             Necr           3%         N/A       83%         4
 Dispel Undead            Necr           6%         3d8       83%         4
 Hailstorm                Conj/Ice       6%         3d4       83%         4
 Ice Form                 Ice/Tmut       6%         N/A       83%         4
 Iskenderun's Mystic Bla  Conj/Tloc      6%         2d4       83%         4
 Passage of Golubria      Tloc           N/A        N/A       83%         4
 Petrify                  Tmut/Erth      6%         N/A       83%         4
 Sticky Flame             Conj/Fire      6%         2d3       83%         4
 Summon Ice Beast         Ice/Summ       6%         N/A       83%         4
 Freezing Cloud           Conj/Ice/Air   6%         6-21      83%         5
 Agony                    Necr           6%         N/A       99%         5
 Bolt of Magma            Conj/Fire/Erth 3%         4d5       99%         5
 Borgnjor's Vile Clutch   Necr/Erth      3%         N/A       99%         5
 Fireball                 Conj/Fire      3%         3d4       99%         5
 Irradiate                Conj/Tmut      3%         3d14      99%         5
 Manifold Assault         Tloc           6%         N/A       99%         5
 Summon Forest            Summ/Tloc      3%         N/A       99%         5
 Conjure Ball Lightning   Conj/Air       7%         3x3d6     99%         6
 Death Channel            Necr           3%         N/A       100%        6
 Shadow Creatures         Summ           N/A        N/A       100%        6
 Simulacrum               Ice/Necr       3%         N/A       100%        6
 Starburst                Conj/Fire      3%         6d3       100%        6
 Statue Form              Tmut/Erth      4%         N/A       100%        6
 Dragon Form              Tmut           3%         N/A       100%        7
 Monstrous Menagerie      Summ           3%         N/A       100%        7
 Storm Form               Tmut/Air       7%         N/A       100%        7
 Discord                  Hex            16%        N/A       100%        8
 Disjunction              Tloc           3%         N/A       100%        8
 Ignition                 Fire           3%         3d4       100%        8
 Lehudib's Crystal Spear  Conj/Erth      3%         10d2      100%        8
 Maxwell's Capacitive Co  Air            12%        ∞         100%        8
 Chain Lightning          Conj/Air       7%         3d10      100%        9
 Dragon's Call            Summ           3%         N/A       100%        9
 Fire Storm               Conj/Fire      3%         8d1       100%        9
 Shatter                  Erth           3%         3d7*      100%        9
 Blink                    Tloc           Unusable   N/A       N/A         2

Dungeon Overview and Level Annotations

Branches:
Dungeon (15/15)            Temple (0/1) D:7            Lair (6/6) D:10
  Swamp (4/4) Lair:2        Snake (4/4) Lair:4        Slime (0/5) Lair:6
    Orc (2/2) D:9             Elf (3/3) Orc:2        Vaults (5/5) D:13
  Crypt (0/3) Vaults:2     Depths (5/5) D:15           Hell (visited)
    Zot (5/5) Depths:5     Bailey (visited)           IceCv (visited)
Desolation (visited)      Gauntlet (visited)
    Dis: Hell:1         Geh: Hell:1         Coc: Hell:1         Tar: Hell:1

Altars:
Ashenzari
Elyvilon
Fedhas
Hepliaklqana
Makhleb
Nemelex Xobeh
Okawaru
Qazlal
Ru
Sif Muna
Trog
Xom
Yredelemnul
Zin
The Shining One
Beogh
Jiyva
Lugonu

Shops:
D:1 :   D:3 ?   D:8 :   D:9 (   Orc:2 ?[([   Elf:2 *   Snake:1 ?!   Vaults:2 [
Vaults:5 !   Depths:2 =   Depths:3 ==?

Portals:
Hell: Depths:1 Depths:2 Depths:3 Depths:4 Depths:5
Abyss: Depths:2 Depths:4
Pandemonium: Depths:3 Depths:4
Ziggurat: Depths:3

Annotations:
D:1 corrupted
D:2 corrupted
D:9 corrupted
D:14 1 transporter
Snake:1 1 runed translucent door, corrupted, lordvenom1's ghost, adept HOFi
Snake:4 corrupted
Vaults:5 corrupted
Zot:5 corrupted, exclusion: orange crystal statue


Innate Abilities, Weirdness & Mutations

You cannot be hasted, slowed, berserked, paralysed or teleported.
You can dig through walls and to a lower floor.
You have a pair of large antennae on your head. (SInv)
Your four strong arms can wield two-handed weapons with a shield.
Your body sometimes deteriorates upon taking damage.
You are dopey. (Int -2)
Your system is resistant to poisons. (rPois)
You are resistant to electric shocks. (rElec)


Message History

A starspawn tentacle comes into view.
The red devil closely misses the white imp.
A starcursed mass splits.
The large abomination hits the naga.
The large abomination writhes in pain as voices assail its mind.
The naga barely misses the large abomination.
The large abomination hits the naga!
Something touches the large abomination but does no damage.
The orange demon stings the large abomination!
The orange demon hits the large abomination but does no damage.
The starcursed mass touches something!
You extend your mandibles.
You dig through the rock wall.
You dig through the rock wall.
You dig through the rock wall.
You dig through the rock wall.
You retract your mandibles.
The troll shouts!
There is an open door here.
Press: ? - help, v - describe, . - travel A translucent stone wall.
This square is covered in magical glow.
You close the door.
The djinni shouts!
The naga shouts!
The minotaur bellows!
The vine stalker shouts!
The human shouts!
The demigod shouts!
The ogre shouts!
The formicid shouts!
The draconian roars!
You feel a little less mighty now.
The kobold shouts!
The elf shouts!
The tengu shouts!
The felid hisses angrily.
The palentonga shouts!
The merfolk shouts!
There is an open door here.
You close the door.
There is a staircase leading out of the dungeon here.
You start resting.
A hellwing, an orange demon, a pandemonium lord and a small abomination come into view.
You have escaped!

#..>..# ###.###
###.#####F#.#e#
#..[..###.###
#######Q#.#h#
###.### #H#.#m#
###+### #&x4#
#.@4# #####


You could see Wutigroe, an orange demon, a hellwing (wandering) and a small
abomination.

Vanquished Creatures
  A dread lich (Zot:5)
  2 orbs of fire (Zot:5)
  A juggernaut (Zot:3)
  Frederick (Depths:3)
  Boris (Depths:3)
  Saint Roka (Depths:3)
  7 Killer Klowns
  A caustic shrike (Zot:5)
  Xtahua (Vaults:4)
  Margery (Depths:2)
  11 golden dragons
  A curse toe (Zot:4)
  A bone dragon (Abyss:1)
  A Brimstone Fiend (D:8)
  4 electric golems
  A Tzitzimitl (D:3)
  25 tentacled monstrosities
  29 Orb Guardians
  3 liches
  A deep elf blademaster (Elf:3)
  5 titans
  5 quicksilver dragons
  A deep elf master archer (Elf:3)
  Asterion (Snake:1)
  7 death cobs
  10 sphinxes
  2 Executioners
  6 thorn hunters
  Gastronok (D:11)
  4 tentacled starspawn (Abyss:1)
  Agnes (Elf:2)
  Donald (Vaults:3)
  21 storm dragons
  13 shadow dragons
  11 tengu reavers
  A fenstrider witch (Swamp:4)
  14 nagarajas
  19 draconian monks
  4 iron dragons
  7 frost giants
  5 draconian knights
  14 vault wardens
  A cacodemon (Zot:5)
  6 deep elf sorcerers
  2 ghouls (Swamp:4)
  14 draconian stormcallers
  10 fire giants
  3 ghost moths
  A balrug (D:3)
  2 imperial myrmidons (Desolation)
  6 draconian scorchers
  2 deep elf elementalists (Elf:3)
  4 draconian annihilators
  2 draconian shifters
  2 war gargoyles (Vaults:4)
  Louise (Elf:2)
  A blood saint (D:3)
  18 ironbound preservers
  22 stone giants
  A quicksilver ooze (shapeshifter) (Depths:4)
  8 spriggan defenders
  6 deep elf demonologists
  2 hydra skeletons (Swamp:4)
  16 black draconians
  3 grey draconians (Zot:3)
  37 very ugly things
  10 green draconians
  3 dire elephants
  Nessos (Lair:6)
  2 corrupters (D:3)
  7 purple draconians
  6 vampire knights
  3 entropy weavers
  5 deep elf annihilators
  2 lorocyprocas (D:3)
  A minotaur (Gauntlet)
  6 spark wasps
  A halazid warlock (Desolation)
  10 white draconians
  5 deep elf death magi
  2 eidola (Abyss:1)
  7 red draconians
  15 yellow draconians
  An eleionoma (Swamp:3)
  7 fire dragons
  14 ettins
  Snorg (D:12)
  18 yaktaur captains
  Josephine (Lair:4)
  A blizzard demon (D:3)
  6 crystal guardians
  A green death (D:3)
  7 great orbs of eyes
  2 shambling mangroves (Swamp:4)
  2 ragged hierophants (Desolation)
  2 spriggan air magi
  3 servants of whispers (Desolation)
  4 boulder beetles
  16 naga warriors
  5 rakshasas
  3 salamander tyrants
  Harold (D:10)
  8 ironbound thunderhulks
  Fannar (Lair:3)
  10 deep elf high priests
  20 hydras
  14 peacekeepers
  A ghost crab (Swamp:2)
  5 ogre magi
  10 ironbound frosthearts
  27 vault guards
  18 centaur warriors
  10 ice dragons
  3 catoblepae
  A two-headed ogre (shapeshifter) (D:15)
  33 dancing weapons
  11 anacondas
  14 two-headed ogres
  13 tengu warriors
  6 alligators
  10 death yaks
  7 deep troll shamans
  2 death knights
  7 deep troll earth magi
  An ironbound beastmaster (Vaults:2)
  5 thrashing horrors (Abyss:1)
  An orc high priest (Orc:2)
  Urug (D:11)
  11 naga sharpshooters
  6 spriggan berserkers
  3 vampire magi
  22 hell knights
  2 wretched stars (Abyss:1)
  21 deep elf knights
  4 shock serpents
  4 skeletal warriors
  A spatial maelstrom (Abyss:1)
  A sea snake (Snake:4)
  3 sun demons (D:3)
  3 salamander mystics
  A fire crab (Lair:5)
  2 glowing orange brains
  A sixfirhy (Abyss:1)
  3 goliath frogs
  3 spriggan druids
  6 iron trolls
  A golden dragon zombie (Abyss:1)
  53 deep trolls
  7 swamp dragons
  A shadow demon (D:10)
  5 spectral hydras
  13 phantasmal warriors
  Pikel (D:8)
  4 bog bodies
  25 ironbound convokers
  3 naga ritualists
  15 deep elf archers
  11 wizards
  2 orc knights
  4 flayed ghosts
  26 deep elf zephyrmancers
  14 necromancers
  6 harpies (Vaults:1)
  6 oklob plants
  A mana viper (shapeshifter) (Depths:2)
  2 manticores
  29 deep elf pyromancers
  9 mana vipers
  16 salamanders
  2 orc sorcerers
  A shining eye (shapeshifter) (Depths:5)
  6 cyclopes
  2 sphinx skeletons (Depths:1)
  2 moths of wrath (shapeshifter) (D:13)
  8 will-o-the-wisps
  A draconian (Zot:3)
  56 ugly things
  33 moths of wrath
  22 elephants
  A fire giant skeleton (Depths:1)
  9 vault sentinels
  An ice statue (IceCv)
  14 naga magi
  14 guardian serpents
  31 black mambas
  An elf zombie (Depths:1)
  2 smoke demons (Abyss:1)
  Joseph (Abyss:1)
  4 gargoyles
  9 cane toads
  2 orange demons
  2 cane toads (shapeshifter)
  3 freezing wraiths
  An unseen horror (shapeshifter) (Vaults:5)
  An unseen horror (D:11)
  A hellion (D:10)
  36 yaktaurs
  An efreet (D:13)
  A tormentor (D:3)
  8 komodo dragons
  3 tengu conjurers
  2 rime drakes
  12 ice devils (IceCv)
  2 entropy weaver simulacra (IceCv)
  2 anaconda simulacra (IceCv)
  A guardian mummy (Vaults:3)
  A spriggan skeleton (Depths:1)
  A jumping spider (Vaults:1)
  10 trolls
  A red devil (D:3)
  3 ancient zymes (Abyss:1)
  A queen bee (Gauntlet)
  2 death drake zombies (Swamp:4)
  A hornet (shapeshifter) (Elf:1)
  A meliai (shapeshifter) (Vaults:5)
  A troll (shapeshifter) (D:11)
  8 tyrant leeches
  A jumping spider (shapeshifter) (Abyss:1)
  2 polar bears
  2 hydra zombies (Swamp:4)
  9 large abominations (Abyss:1)
  17 blink frogs
  34 saltlings (Desolation)
  3 meliai (D:15)
  9 hornets
  A slime creature (shapeshifter) (Vaults:5)
  7 dream sheep (Lair:4)
  A death drake skeleton (Swamp:4)
  58 slime creatures
  2 meliai zombies (D:11)
  3 raiju (Abyss:1)
  4 flying skulls (D:11)
  A shock serpent simulacrum (Abyss:1)
  2 shadows (D:11)
  5 spriggans
  7 water elementals
  2 dire elephant simulacra (IceCv)
  4 ynoxinuls
  7 redbacks
  A redback (shapeshifter) (Depths:3)
  3 wyverns
  43 yaks
  An ettin skeleton (Depths:1)
  13 wraiths
  A basilisk (D:15)
  2 chaos spawn (Abyss:1)
  2 fire elementals (Elf:1)
  11 golden eyes
  A golden eye (shapeshifter) (Vaults:3)
  A steam dragon (D:8)
  14 vampire mosquitoes
  Edmund (D:4)
  Menkaure (D:7)
  5 death yak simulacra (IceCv)
  A neqoxec (Abyss:1)
  6 wargs
  2 harpy simulacra (IceCv)
  36 nagas
  14 swamp worms
  20 water moccasins
  2 acid dragons (D:11)
  11 hell hounds
  6 swamp drakes
  A hydra simulacrum (Swamp:4)
  6 black bears
  3 sky beasts
  14 orc warriors
  28 ogres
  4 necrophages
  A swamp dragon zombie (Swamp:4)
  A swamp dragon skeleton (Swamp:4)
  13 wolves
  4 centaurs
  A phantom (D:6)
  3 kobold brigands
  10 bullfrogs
  An earth elemental (Elf:1)
  A gnoll sergeant (D:9)
  4 scorpions
  4 cane toad simulacra (IceCv)
  A water moccasin zombie (D:5)
  9 small abominations (Abyss:1)
  3 elephant simulacra (IceCv)
  14 killer bees
  7 wights
  5 howler monkeys
  An electric eel (Lair:3)
  8 jellies
  2 crimson imps (Abyss:1)
  2 quasits (Abyss:1)
  15 starcursed masses (Abyss:1)
  12 centaur zombies
  2 hounds (D:6)
  8 centaur skeletons
  11 orc priests
  A gnoll shaman (D:5)
  3 iguanas
  An iron imp (Abyss:1)
  Jessica (D:3)
  13 hell rats
  9 orc wizards
  A polar bear simulacrum (IceCv)
  2 troll simulacra (IceCv)
  2 killer bee zombies
  7 wolf simulacra (IceCv)
  2 howler monkey zombies
  32 gnolls
  A howler monkey skeleton (D:11)
  8 adders
  A naga simulacrum (IceCv)
  3 shadow imps (Gauntlet)
  6 white imps
  4 ufetubi
  An adder zombie (D:5)
  A worm (D:2)
  2 dart slugs
  42 orcs
  4 ball pythons
  5 bats
  7 endoplasms
  A giant cockroach (D:1)
  20 hobgoblins
  4 quokkas
  2 frilled lizards (D:2)
  14 goblins
  31 kobolds
  5 rats
  4 briar patches
  A bush (Abyss:1)
  A butterfly (Lair:4)
  A starspawn tentacle (Abyss:1)
2337 creatures vanquished.

Vanquished Creatures (collateral kills)
  A tentacled monstrosity (Vaults:5)
  A revenant (Vaults:1)
  An angel (Abyss:1)
  A vault guard (Vaults:5)
  A deep troll (Vaults:1)
  A harpy (Vaults:5)
  An orange demon (Abyss:1)
  A freezing wraith (Vaults:5)
  A small abomination (Abyss:1)
9 creatures vanquished.

Vanquished Creatures (others)
  An orb of fire (Zot:5)
  An ancient lich (Zot:5)
  A pandemonium lord (D:1)
  6 Killer Klowns (Zot:5)
  A tentacled monstrosity (Zot:5)
  An electric golem (Zot:5)
  3 Orb Guardians (Zot:5)
  A nagaraja (Snake:4)
  Aizul (Snake:1)
  2 vault wardens (Vaults:5)
  A draconian stormcaller (Zot:4)
  A stone giant (Depths:2)
  An ettin (Vaults:5)
  A ragged hierophant (Desolation)
  2 peacekeepers (Desolation)
  A servant of whispers (Desolation)
  An ogre mage (Vaults:5)
  2 naga sharpshooters (Snake:1)
  A gelid demonspawn (D:1)
  An orange crystal statue (D:9)
  2 ironbound convokers
  A mana viper (Snake:1)
  A will-o-the-wisp (Swamp:2)
  2 salamanders
  A black mamba (Snake:4)
  3 guardian serpents
  An orange demon (D:1)
  2 ice devils (D:1)
  2 yaktaurs (Vaults:5)
  A red devil (D:1)
  4 bloated husks
  15 saltlings (Desolation)
  An ice beast (D:6)
  A phantom (D:6)
  A hound (D:6)
  A white imp (Abyss:1)
  4 briar patches
  2 demonic plants (Abyss:1)
  31 foxfires
  35 fungi
  54 plants
  27 starspawn tentacles
222 creatures vanquished.

Grand Total: 2568 creatures vanquished

Notes
Turn   | Place    | Note
-------+----------+-------------------------------------------
     0 | Abyss:1  | Sharkman1231 the Formicid Abyssal Knight began the quest
                  | for the Orb.
     0 | Abyss:1  | Reached XP level 1. HP: 18/18 MP: 2/2
     6 | D:1      | Escaped the Abyss
     9 | D:1      | Noticed a palentonga
     9 | D:1      | Noticed a merfolk
    11 | D:1      | Noticed a tengu
    11 | D:1      | Noticed a felid
    13 | D:1      | Noticed a barachi
    13 | D:1      | Noticed an elf
    15 | D:1      | Noticed a draconian
    17 | D:1      | Noticed a formicid
    20 | D:1      | Noticed a demigod
    20 | D:1      | Noticed an ogre
    22 | D:1      | Noticed a demonspawn
    22 | D:1      | Noticed a human
    24 | D:1      | Noticed a vampire
    24 | D:1      | Noticed a vine stalker
    26 | D:1      | Noticed a ghoul
    28 | D:1      | Noticed a gargoyle
    28 | D:1      | Noticed an octopode
    30 | D:1      | Noticed a naga
    30 | D:1      | Noticed a minotaur
    32 | D:1      | Noticed a dwarf
    32 | D:1      | Noticed a spriggan
    34 | D:1      | Noticed a troll
    34 | D:1      | Noticed a djinni
    58 | D:1      | Found Qatser's Book Shop.
   183 | D:1      | Reached skill level 1 in Dodging
   359 | D:1      | Reached XP level 2. HP: 22/24 MP: 3/3
   716 | D:1      | Found a faded altar of an unknown god.
  1245 | D:2      | Reached XP level 3. HP: 29/29 MP: 4/4
  1833 | D:2      | You fall into a shaft and drop 1 floor!
  2069 | D:3      | Found a blossoming altar of Fedhas.
  2085 | D:3      | Found Wiablar's Magic Scroll Emporium.
  2096 | D:3      | Bought a scroll of identify for 24 gold pieces
  2096 | D:3      | Bought a scroll of noise for 12 gold pieces
  2097 | D:3      | Identified a scroll of acquirement
  2099 | D:3      | Acquired a +0 demon trident of electrocution
  2214 | D:3      | Reached XP level 4. HP: 37/37 MP: 6/6
  2288 | D:3      | Reached skill level 3 in Polearms
  2542 | D:3      | Noticed Jessica
  2547 | D:3      | Killed Jessica
  2547 | D:3      | Reached ** piety under Lugonu
  2585 | D:3      | Reached XP level 5. HP: 42/42 MP: 7/7
  2666 | D:3      | Acquired 745 gold pieces
  2684 | D:3      | Bought a scroll of immolation for 42 gold pieces
  2684 | D:3      | Bought a scroll of fear for 42 gold pieces
  2684 | D:3      | Bought a scroll of fear for 42 gold pieces
  2684 | D:3      | Bought a scroll of identify for 24 gold pieces
  2684 | D:3      | Bought a scroll of amnesia for 42 gold pieces
  2819 | D:2      | Found a white marble altar of Elyvilon.
  3196 | D:4      | Reached skill level 4 in Polearms
  3196 | D:4      | Reached XP level 6. HP: 44/49 MP: 8/8
  3290 | D:4      | Noticed a yak
  3296 | D:4      | Killed a yak
  3297 | D:4      | Reached XP level 7. HP: 55/55 MP: 8/10
  3303 | D:4      | Noticed a yak
  3303 | D:4      | Noticed a yak
  3304 | D:4      | Noticed a yak
  3316 | D:4      | Killed a yak
  3317 | D:4      | Reached skill level 5 in Polearms
  3325 | D:4      | Killed a yak
  3326 | D:4      | Reached skill level 5 in Fighting
  3585 | D:4      | Killed a yak
  3586 | D:4      | Reached skill level 5 in Invocations
  3586 | D:4      | Reached XP level 8. HP: 46/62 MP: 11/11
  3795 | D:4      | Reached skill level 6 in Polearms
  3853 | D:4      | Noticed Edmund
  3863 | D:4      | Killed Edmund
  4023 | D:5      | Entered Level 5 of the Dungeon
  4171 | D:5      | Reached XP level 9. HP: 63/69 MP: 13/13
  4287 | D:5      | Reached skill level 7 in Polearms
  4569 | D:5      | Reached *** piety under Lugonu
  5102 | D:6      | Reached skill level 1 in Shields
  5392 | D:6      | Reached skill level 8 in Polearms
  5433 | D:6      | Reached skill level 5 in Dodging
  5548 | D:6      | Found a shimmering altar of Xom.
  6262 | D:7      | You fall into a shaft and drop 2 floors!
  6265 | D:9      | Reached XP level 10. HP: 79/79 MP: 15/15
  6298 | D:9      | Reached **** piety under Lugonu
  6780 | D:8      | Noticed Joseph
  6790 | D:8      | Reached skill level 1 in Stealth
  6790 | D:8      | Reached skill level 1 in Evocations
  6818 | D:8      | Banished Joseph
  7197 | D:8      | Found Dephaegi's Book Emporium.
  7323 | D:8      | Noticed Pikel
  7355 | D:8      | Killed Pikel
  7356 | D:8      | Reached skill level 9 in Polearms
  7518 | D:7      | Found a staircase to the Ecumenical Temple.
  7546 | D:7      | Noticed Menkaure
  7552 | D:7      | Killed Menkaure
  8154 | D:9      | Noticed an orange crystal statue
  8174 | D:9      | Found a staircase to the Orcish Mines.
  8449 | D:9      | Noticed a two-headed ogre
  9008 | D:9      | Corrupted D:9
  9008 | D:9      | Noticed a starcursed mass
  9008 | D:9      | Noticed a rust devil
  9008 | D:9      | Noticed a rakshasa
  9008 | D:9      | Noticed a starcursed mass
  9008 | D:9      | Noticed a kobold demonologist
  9008 | D:9      | Noticed a thrashing horror
  9008 | D:9      | Noticed a large abomination
  9008 | D:9      | Noticed a spatial maelstrom
  9008 | D:9      | Noticed a rakshasa
  9008 | D:9      | Noticed a starcursed mass
  9008 | D:9      | Noticed a tentacled starspawn
  9009 | D:9      | Noticed a sun demon
  9010 | D:9      | Noticed a hell knight
  9011 | D:9      | Noticed a large abomination
  9015 | D:9      | Noticed a smoke demon
  9015 | D:9      | Noticed an efreet
  9015 | D:9      | Noticed a large abomination
  9016 | D:9      | Killed an orange crystal statue
  9238 | D:9      | Noticed an orange demon
  9323 | D:9      | Found Duunuwk's Antique Weapon Shoppe.
  9807 | D:9      | Reached XP level 11. HP: 80/85 MP: 17/17
 10118 | D:9      | Found a shimmering blue altar of Sif Muna.
 10125 | D:9      | Got Sif Muna's Guide on Confrontation and Weightlessness
 10130 | D:9      | Found a bloodstained altar of Trog.
 10157 | D:9      | Reached skill level 5 in Shields
 10423 | D:9      | Reached skill level 10 in Polearms
 10636 | D:9      | Found a burning altar of Makhleb.
 10637 | D:9      | Found a white marble altar of Elyvilon.
 10640 | D:9      | Found a broken altar of Ashenzari.
 10642 | D:9      | Found a glowing golden altar of the Shining One.
 10642 | D:9      | Found a sacrificial altar of Ru.
 10642 | D:9      | Found a sparkling altar of Nemelex Xobeh.
 10643 | D:9      | Found a glowing silver altar of Zin.
 10644 | D:9      | Found a basalt altar of Yredelemnul.
 10647 | D:9      | Found an iron altar of Okawaru.
 10671 | D:10     | Entered Level 10 of the Dungeon
 10674 | D:10     | Found a staircase to the Lair.
 11265 | D:10     | Reached skill level 5 in Stealth
 11503 | D:10     | Acquired a +2 pair of gloves of stealth
 11559 | D:10     | Noticed a cyclops
 11733 | D:10     | Noticed Harold
 11740 | D:10     | Killed Harold
 11753 | D:10     | Identified the +5 ring mail of the Pits of Slime {Will+
                  | Int+4}
 11796 | D:10     | Killed a cyclops
 12421 | D:11     | Noticed a cyclops
 12430 | D:11     | Killed a cyclops
 12431 | D:11     | Reached XP level 12. HP: 92/94 MP: 18/18
 12596 | D:11     | Reached skill level 5 in Evocations
 12622 | D:11     | Reached ***** piety under Lugonu
 12623 | D:11     | Reached skill level 11 in Polearms
 12655 | D:11     | Noticed a skeletal warrior
 12682 | D:11     | Killed a skeletal warrior
 12874 | D:11     | Identified the +1 hand axe "Veini" {venom, rElec rF- Int+8
                  | SInv}
 12874 | D:11     | Noticed a skeletal warrior
 12919 | D:11     | Killed a skeletal warrior
 13251 | D:11     | Reached skill level 10 in Invocations
 13603 | D:11     | Noticed Gastronok
 13611 | D:11     | Killed Gastronok
 13612 | D:11     | Reached XP level 13. HP: 102/102 MP: 20/20
 13705 | D:11     | Noticed Urug
 14009 | D:11     | Killed Urug
 14244 | D:11     | Reached skill level 12 in Polearms
 14870 | D:12     | Reached skill level 10 in Fighting
 15284 | D:12     | Noticed a seven-headed hydra
 15297 | D:12     | Killed a seven-headed hydra
 15829 | D:12     | Noticed a seven-headed hydra
 15877 | D:12     | Found a runed translucent door.
 15889 | D:12     | Killed a seven-headed hydra
 16000 | D:12     | Noticed Snorg
 16010 | D:12     | Killed Snorg
 16071 | D:12     | Identified the +1 leather armour "Ydghu" {rF+ Will+ rCorr}
 16778 | D:13     | Reached skill level 13 in Polearms
 17248 | D:13     | Noticed a centaur warrior
 17249 | D:13     | Found a gate to the Vaults.
 17256 | D:13     | Noticed a boulder beetle
 17264 | D:13     | Killed a centaur warrior
 17268 | D:13     | Banished a boulder beetle
 17269 | D:13     | Reached XP level 14. HP: 64/110 MP: 17/22
 18499 | D:13     | Reached skill level 10 in Shields
 19067 | D:13     | Reached skill level 14 in Polearms
 19952 | D:14     | Found a flagged portal.
 19973 | Bailey   | Entered a bailey
 20291 | Bailey   | Acquired the ring of Kadienk {Drain Will++ Str+6 Int+9
                  | Stlth-}
 21188 | D:14     | Found a transporter.
 21599 | D:14     | Found a transporter.
 21599 | D:14     | Noticed a stone giant
 21891 | D:14     | Reached skill level 15 in Polearms
 22079 | D:14     | Reached XP level 15. HP: 83/115 MP: 23/23
 22314 | D:15     | Entered Level 15 of the Dungeon
 22354 | D:14     | Noticed an orc warlord
 22778 | D:15     | Found a staircase to the Depths.
 23091 | D:15     | Reached skill level 16 in Polearms
 24083 | D:14     | You fall into a shaft and drop 1 floor!
 24235 | Lair:1   | Entered Level 1 of the Lair of Beasts
 26007 | Lair:2   | Found a staircase to the Swamp.
 26179 | Lair:2   | Identified the +0 chain mail of Naocic {rC+ Regen+ Slay+2}
 26388 | Swamp:1  | Entered Level 1 of the Swamp
 26499 | Lair:3   | Noticed Fannar
 26511 | Lair:3   | Killed Fannar
 26618 | Lair:3   | Reached skill level 15 in Shields
 26630 | Lair:3   | Reached ****** piety under Lugonu
 27223 | Lair:3   | Reached skill level 5 in Armour
 27223 | Lair:3   | Reached XP level 16. HP: 121/122 MP: 24/24
 27539 | Lair:4   | Found a gate leading to a gauntlet.
 27580 | Gauntlet | Entered a Gauntlet
 27580 | Gauntlet | Found a transporter.
 27580 | Gauntlet | Found a transporter.
 27586 | Gauntlet | Found a transporter.
 27601 | Gauntlet | Found a transporter.
 27616 | Gauntlet | Found a transporter.
 27616 | Gauntlet | Found a transporter.
 27618 | Gauntlet | Found a transporter.
 27618 | Gauntlet | Found a transporter.
 27630 | Gauntlet | Found a transporter.
 27646 | Gauntlet | Found a transporter.
 27656 | Gauntlet | Found a transporter.
 27661 | Gauntlet | Found a transporter.
 27688 | Gauntlet | Found a transporter.
 27695 | Gauntlet | Found a transporter.
 28032 | Gauntlet | Identified the +2 pair of gloves of Cloud Cover {Rampage
                  | rF+ rCorr Str+2}
 28141 | Gauntlet | Identified the ring of Toraqy {AC+4 Str+3 Int+4}
 28411 | Lair:4   | Noticed Josephine
 28420 | Lair:4   | Killed Josephine
 28496 | Lair:4   | Found a staircase to the Snake Pit.
 28688 | Lair:4   | Identified the +1 ring mail "Rezara Fuima" {rCorr Dex+2}
 28968 | Snake:1  | Entered Level 1 of the Snake Pit
 28968 | Snake:1  | Noticed a nagaraja
 28968 | Snake:1  | Found a runed translucent door.
 28971 | Snake:1  | Noticed Aizul
 28981 | Snake:1  | Killed a nagaraja
 28997 | Snake:1  | Corrupted Snake:1
 28997 | Snake:1  | Noticed a bone dragon
 29002 | Snake:1  | Noticed a bone dragon
 29003 | Snake:1  | Killed Aizul
 29511 | Lair:5   | Reached skill level 10 in Armour
 29548 | Lair:5   | Got the Handbook of Flight and Fire
 30486 | Lair:6   | Entered Level 6 of the Lair of Beasts
 30552 | Lair:6   | Found a glowing golden altar of the Shining One.
 31137 | Lair:6   | Reached XP level 17. HP: 133/133 MP: 25/25
 31366 | Lair:6   | Found a runed translucent door.
 31368 | Lair:6   | Found a viscous altar of Jiyva.
 31368 | Lair:6   | Noticed Nessos
 31385 | Lair:6   | Killed Nessos
 31430 | Lair:6   | Found a staircase to the Slime Pits.
 31839 | Lair:6   | Learned a level 5 spell: Silence
 32179 | Orc:1    | Entered Level 1 of the Orcish Mines
 32507 | Orc:2    | Entered Level 2 of the Orcish Mines
 32536 | Orc:2    | Reached skill level 1 in Hexes
 32566 | Orc:2    | Reached skill level 1 in Spellcasting
 32706 | Orc:2    | Found a frozen archway.
 32745 | IceCv    | Entered an ice cave
 32770 | IceCv    | Reached skill level 1 in Air Magic
 32918 | IceCv    | Found an ancient bone altar of Kikubaaqudgha.
 33589 | Orc:2    | Found a staircase to the Elven Halls.
 34005 | Orc:2    | Reached skill level 5 in Hexes
 34059 | Orc:2    | Found Memem's Weapon Shop.
 34059 | Orc:2    | Found Natebemoss's Armour Shoppe.
 34060 | Orc:2    | Found Ekohe's Magic Scroll Emporium.
 34060 | Orc:2    | Found Vodifour's Armour Shop.
 34070 | Orc:2    | Bought a scroll of enchant weapon for 120 gold pieces
 34070 | Orc:2    | Bought a scroll of fear for 56 gold pieces
 34070 | Orc:2    | Bought a scroll of holy word for 120 gold pieces
 34248 | Elf:1    | Entered Level 1 of the Elven Halls
 34354 | Elf:1    | Reached skill level 5 in Spellcasting
 34509 | Elf:1    | Cast into level 3 of the Abyss (+2 war axe of distortion)
 34509 | Abyss:3  | Found a corrupted altar of Lugonu.
 34561 | Elf:1    | Escaped the Abyss
 34717 | Elf:1    | Reached XP level 18. HP: 69/143 MP: 26/26
 34959 | Elf:1    | Reached skill level 5 in Air Magic
 35119 | Elf:1    | Got the Incunabulum of Blows and Bruises
 35292 | Elf:1    | Identified the amulet of No Interval {Faith rPois}
 35684 | Elf:2    | Noticed Louise
 35690 | Elf:2    | Killed Louise
 35703 | Elf:2    | Found a runed translucent gate.
 35704 | Elf:2    | Found a runed translucent gate.
 35706 | Elf:2    | Found a runed translucent gate.
 35742 | Elf:2    | Noticed Agnes
 35769 | Elf:2    | Killed Agnes
 36323 | Elf:2    | Found Fiorgh's General Store.
 36331 | Elf:2    | Bought 2 potions of heal wounds for 160 gold pieces
 36524 | Elf:3    | Entered Level 3 of the Elven Halls
 36793 | Elf:2    | You fall into a shaft and drop 1 floor!
 37010 | Elf:3    | Reached skill level 10 in Hexes
 37433 | Elf:3    | Reached XP level 19. HP: 148/149 MP: 26/31
 37567 | Elf:3    | Identified the +7 great sword of Purpose {vamp, *Slow Str+6
                  | Int+6}
 37582 | Elf:3    | Identified the +7 mace of Foul Odors {antimagic, +Blink}
 37649 | Elf:3    | Identified the +5 flail of the Shoals {protect, rC+}
 38054 | Elf:2    | Reached skill level 10 in Spellcasting
 38687 | Elf:2    | Found Fiorgh's General Store.
 39368 | Elf:3    | Identified the +5 scale mail "Seb Bel" {-Tele Str+3 Slay+3}
 39369 | Elf:3    | Noticed a deep elf blademaster
 39378 | Elf:3    | Killed a deep elf blademaster
 39382 | Elf:3    | Reached skill level 10 in Stealth
 39422 | Elf:3    | Identified the +7 war axe of Ru's Scorn {flame, rPois rN+
                  | Str+3 Int-3}
 39673 | Elf:3    | Identified the +1 plate armour of Unambiguity {rN++ Will+++
                  | MP-9 Dex-2}
 40663 | Snake:1  | Noticed Asterion
 40678 | Snake:1  | You fall into a shaft and drop 1 floor!
 42109 | Snake:1  | You fall into a shaft and drop 1 floor!
 42254 | Snake:1  | Found Rokhas's Distillery.
 42261 | Snake:1  | Bought a potion of heal wounds for 80 gold pieces
 42261 | Snake:1  | Bought a potion of heal wounds for 80 gold pieces
 42261 | Snake:1  | Bought a potion of resistance for 160 gold pieces
 42261 | Snake:1  | Bought a potion of lignification for 48 gold pieces
 42261 | Snake:1  | Found Aczewim's Magic Scroll Shop.
 42269 | Snake:1  | Bought a scroll of enchant armour for 105 gold pieces
 42269 | Snake:1  | Bought a scroll of fog for 28 gold pieces
 42269 | Snake:1  | Bought a scroll of magic mapping for 49 gold pieces
 42269 | Snake:1  | Bought 2 scrolls of magic mapping for 98 gold pieces
 42269 | Snake:1  | Bought a scroll of summoning for 133 gold pieces
 42269 | Snake:1  | Bought a scroll of immolation for 49 gold pieces
 42344 | Snake:1  | Reached XP level 20. HP: 159/159 MP: 34/34
 42381 | Snake:1  | Killed Asterion
 42567 | Snake:1  | Noticed lordvenom1's ghost (adept HOFi)
 43341 | Snake:3  | Reached skill level 15 in Fighting
 44035 | Snake:4  | Entered Level 4 of the Snake Pit
 44800 | Snake:4  | Reached XP level 21. HP: 81/179 MP: 35/35
 45037 | Snake:4  | Corrupted Snake:4
 45425 | Snake:4  | Got a serpentine rune of Zot
 45451 | Snake:4  | Identified the +2 chain mail of Festooned Miracles {Harm
                  | rPois rF- Slay+2}
 46071 | Swamp:1  | Found an iron altar of Okawaru.
 46566 | Swamp:2  | You fall into a shaft and drop 1 floor!
 47464 | Swamp:3  | Reached skill level 10 in Dodging
 47796 | Swamp:4  | Entered Level 4 of the Swamp
 47954 | Swamp:4  | Reached skill level 17 in Polearms
 48448 | Swamp:4  | Reached XP level 22. HP: 154/187 MP: 36/36
 48474 | Swamp:4  | Reached skill level 18 in Polearms
 48643 | Swamp:4  | Found a blossoming altar of Fedhas.
 48694 | Swamp:4  | Found a basalt altar of Yredelemnul.
 48807 | Swamp:4  | Got a decaying rune of Zot
 49203 | Vaults:1 | Entered Level 1 of the Vaults
 49728 | Vaults:1 | Reached skill level 19 in Polearms
 51323 | Vaults:2 | Reached skill level 20 in Polearms
 51529 | Vaults:2 | Found a staircase to the Crypt.
 51777 | Vaults:2 | Reached XP level 23. HP: 181/194 MP: 37/37
 52130 | Vaults:2 | Found Ydup's Antique Armour Shoppe.
 52666 | Vaults:2 | Reached skill level 21 in Polearms
 53149 | Vaults:3 | Noticed Donald
 53162 | Vaults:3 | Killed Donald
 53285 | Vaults:3 | Found a portal to a secret trove of treasure.
 53672 | Vaults:3 | Reached skill level 22 in Polearms
 54027 | Vaults:4 | Found a crumbling gateway.
 54045 | Desolati | Entered the Desolation of Salt
 54195 | Desolati | Reached XP level 24. HP: 121/201 MP: 37/37
 54201 | Desolati | Identified the ring of Burumaesu {rC+ AC+4 Str+4}
 54256 | Desolati | Identified the +0 robe of the Cicada {rPois}
 54355 | Desolati | Corrupted Desolation
 54594 | Desolati | Got the Volume of the Mountains
 54600 | Desolati | Identified the amulet "Tesea" {Reflect rElec rPois Dex-3
                  | SH+5 SInv}
 54841 | Desolati | Identified the ring of Caenet {*Corrode rC+ Dex+4 Slay+6}
 55274 | Vaults:4 | Reached skill level 23 in Polearms
 57758 | Vaults:5 | Entered Level 5 of the Vaults
 57758 | Vaults:5 | Noticed a golden dragon
 57772 | Vaults:5 | Reached skill level 15 in Invocations
 57778 | Vaults:5 | Reached XP level 25. HP: 93/207 MP: 37/37
 57840 | Abyss:1  | Found a corrupted altar of Lugonu.
 58092 | Abyss:1  | Identified the +5 ring mail "Plog" {Rampage rN+}
 58097 | Abyss:1  | Killed Joseph
 58576 | Vaults:5 | Escaped the Abyss
 58577 | Vaults:5 | Corrupted Vaults:5
 58579 | Vaults:5 | Noticed Xtahua
 59840 | Abyss:1  | Identified the amulet "Saot Coi" {Spirit Fragile rF+ rN++}
 59850 | Vaults:5 | Escaped the Abyss
 59854 | Vaults:5 | Reached skill level 24 in Polearms
 60520 | Vaults:4 | Killed Xtahua
 61232 | Vaults:5 | Identified the ring of Kooso {Ice rElec Str+4 Dex+2}
 61283 | Vaults:5 | Got a silver rune of Zot
 61657 | Vaults:5 | Identified the ring "Xururen" {rF+ Str+4}
 62347 | Vaults:5 | Reached XP level 26. HP: 194/213 MP: 37/37
 62368 | Vaults:5 | Found Mejipp's Distillery.
 62381 | Vaults:5 | Bought a potion of curing for 39 gold pieces
 62381 | Vaults:5 | Bought a potion of curing for 39 gold pieces
 62381 | Vaults:5 | Bought a potion of curing for 39 gold pieces
 62381 | Vaults:5 | Bought a potion of ambrosia for 104 gold pieces
 62472 | Vaults:5 | Got the Collected Works on Ashen Contamination
 62704 | Vaults:5 | Reached skill level 25 in Polearms
 62997 | Vaults:5 | Acquired 426 gold pieces
 63942 | Vaults:5 | Got the Compendium of Vitriolic Bewitchment
 64315 | Vaults:5 | Identified the ring of the Endless Expanse {rElec rPois rF+
                  | rC- Dex+6}
 65435 | Vaults:3 | You paid a toll of a +4 demon trident to enter a treasure
                  | trove
 65436 | Trove    | Entered a treasure trove
 65644 | Depths:1 | Entered Level 1 of the Depths
 65715 | Depths:1 | Found a stormy altar of Qazlal.
 65735 | Depths:1 | Found a gateway to Hell.
 66038 | Depths:1 | Reached skill level 26 in Polearms
 66098 | Depths:1 | You fall into a shaft and drop 1 floor!
 66148 | Depths:2 | Reached skill level 10 in Evocations
 66669 | Depths:2 | You fall into a shaft and drop 2 floors!
 66906 | Depths:3 | Found a one-way gate leading to the halls of Pandemonium.
 66916 | Depths:3 | Noticed Frederick
 66930 | Depths:3 | Killed Frederick
 66971 | Depths:3 | Found a gateway to a ziggurat.
 66994 | Depths:3 | Noticed Saint Roka
 67013 | Depths:3 | Killed Saint Roka
 67521 | Depths:1 | Reached XP level 27. HP: 221/221 MP: 37/37
 67572 | Depths:1 | Reached skill level 15 in Evocations
 67630 | Depths:1 | Found a shimmering blue altar of Sif Muna.
 67951 | Hell     | Entered the Vestibule of Hell
 68339 | Depths:2 | Noticed Margery
 68497 | Depths:2 | Killed Margery
 68514 | Depths:2 | Found Wuapt's Jewellery Shop.
 69371 | Depths:2 | Identified the +1 leather armour of Ifugikkee {rElec}
 69983 | Depths:2 | Found a one-way gate to the infinite horrors of the Abyss.
 70444 | Depths:3 | Noticed Boris
 70450 | Depths:3 | Killed Boris
 70471 | Depths:3 | Found Ipameuck's Jewellery Shoppe.
 70475 | Depths:3 | Found Vocwoaxt's Jewellery Shoppe.
 70972 | Depths:3 | Found a hazy altar of Hepliaklqana.
 70993 | Depths:3 | Found Sonoqarro's Magic Scroll Boutique.
 70996 | Depths:3 | Bought a scroll of enchant armour for 187 gold pieces
 70996 | Depths:3 | Bought a scroll of enchant weapon for 187 gold pieces
 70998 | Depths:3 | Bought a scroll of summoning for 237 gold pieces
 70998 | Depths:3 | Bought a scroll of holy word for 187 gold pieces
 72380 | Depths:4 | Acquired 611 gold pieces
 73240 | Depths:5 | Entered Level 5 of the Depths
 73813 | Depths:5 | Found a gate to the Realm of Zot.
 74445 | Depths:5 | Gained mutation: You are partially covered in iridescent
                  | scales. (AC +2) [a shining eye]
 75076 | Zot:1    | Entered Level 1 of the Realm of Zot
 75339 | Zot:1    | Reached skill level 15 in Armour
 77178 | Zot:2    | Noticed a Killer Klown
 77195 | Zot:2    | Killed a Killer Klown
 78658 | Zot:3    | Noticed a Killer Klown
 78683 | Zot:3    | Noticed a juggernaut
 78693 | Zot:3    | Killed a Killer Klown
 78718 | Zot:3    | Noticed a Killer Klown
 78734 | Zot:3    | Killed a juggernaut
 78735 | Zot:3    | Reached skill level 15 in Dodging
 78763 | Zot:3    | Killed a Killer Klown
 79019 | Zot:3    | Noticed a Killer Klown
 79037 | Zot:3    | Killed a Killer Klown
 79061 | Zot:3    | Noticed a Killer Klown
 79079 | Zot:3    | Killed a Killer Klown
 81525 | Zot:4    | Found a corrupted altar of Lugonu.
 83952 | Zot:5    | Entered Level 5 of the Realm of Zot
 84616 | Zot:5    | Noticed a Killer Klown
 84616 | Zot:5    | a Killer Klown changed into a caustic shrike
 84657 | Zot:5    | Noticed an orb of fire
 84669 | Zot:5    | Gained mutation: Your spells are a little easier to cast,
                  | but a little less powerful. [an orb of fire]
 84672 | Zot:5    | Gained mutation: You are dopey. (Int -2) [an orb of fire]
 84674 | Zot:5    | Killed an orb of fire
 84947 | Zot:5    | Noticed a Killer Klown
 84961 | Zot:5    | Noticed a Killer Klown
 84964 | Zot:5    | Gained mutation: Your magical capacity is low. (-10% MP) [a
                  | cacodemon]
 84977 | Zot:5    | Killed a Killer Klown
 84987 | Zot:5    | Killed a Killer Klown
 85264 | Zot:5    | Noticed a Killer Klown
 85264 | Zot:5    | Noticed a Killer Klown
 85265 | Zot:5    | Noticed an orb of fire
 85270 | Zot:5    | Noticed a Killer Klown
 85272 | Zot:5    | Corrupted Zot:5
 85281 | Zot:5    | Killed a Killer Klown
 85281 | Zot:5    | Killed a Killer Klown
 85285 | Zot:5    | Killed an orb of fire
 85286 | Zot:5    | Killed a Killer Klown
 85291 | Zot:5    | Killed a Killer Klown
 85305 | Zot:5    | Killed an ancient lich
 85311 | Zot:5    | Killed a Killer Klown
 85352 | Zot:5    | Killed a Killer Klown
 85565 | Zot:5    | Noticed an orb of fire
 85568 | Zot:5    | Gained mutation: You sometimes lose the ability to read
                  | scrolls when taking damage. [an orb of fire]
 85569 | Zot:5    | Gained mutation: You are clumsy. (Dex -2) [an orb of fire]
 85575 | Zot:5    | Gained mutation: Armour fits poorly on your strangely
                  | shaped body. [an orb of fire]
 85579 | Zot:5    | Gained mutation: Your spells are easier to cast, but less
                  | powerful. [an orb of fire]
 85588 | Zot:5    | Killed an orb of fire
 85591 | Zot:5    | Lost mutation: You sometimes lose the ability to read
                  | scrolls when taking damage. [potion of mutation]
 85591 | Zot:5    | Lost mutation: You are partially covered in iridescent
                  | scales. (AC +2) [potion of mutation]
 85591 | Zot:5    | Gained mutation: You are very dopey. (Int -4) [potion of
                  | mutation]
 85591 | Zot:5    | Gained mutation: You are resistant to electric shocks.
                  | (rElec) [potion of mutation]
 85592 | Zot:5    | Lost mutation: You are clumsy. (Dex -2) [potion of
                  | mutation]
 85592 | Zot:5    | Lost mutation: Your spells are easier to cast, but less
                  | powerful. [potion of mutation]
 85592 | Zot:5    | Gained mutation: You are clumsy. (Dex -2) [potion of
                  | mutation]
 85592 | Zot:5    | Lost mutation: You are very dopey. (Int -4) [potion of
                  | mutation]
 85593 | Zot:5    | Lost mutation: Your magical capacity is low. (-10% MP)
                  | [potion of mutation]
 85593 | Zot:5    | Lost mutation: Your spells are a little easier to cast, but
                  | a little less powerful. [potion of mutation]
 85593 | Zot:5    | Lost mutation: Armour fits poorly on your strangely shaped
                  | body. [potion of mutation]
 85593 | Zot:5    | Lost mutation: You are clumsy. (Dex -2) [potion of
                  | mutation]
 85593 | Zot:5    | Gained mutation: Your body sometimes deteriorates upon
                  | taking damage. [potion of mutation]
 85593 | Zot:5    | Gained mutation: Your system is resistant to poisons.
                  | (rPois) [potion of mutation]
 85621 | Zot:5    | Noticed a dread lich
 85782 | Zot:5    | Killed a dread lich
 86073 | Zot:5    | Got the Orb of Zot
 87067 | D:2      | Noticed Jeurghutt the pandemonium lord
 87081 | D:2      | Corrupted D:2
 87088 | D:1      | Corrupted D:1
 87098 | D:1      | Killed Jeurghutt the pandemonium lord
 87256 | D:1      | Noticed Wutigroe the pandemonium lord
 87257 | D:$      | Escaped with the Orb!

Illustrated notes

Levels and vault maps discovered:
D:1:      kb_arrival_jail, layout_loops_ring, serial_shops,
          nicolae_shop_behind_doors, shapermc_ecumenical_altar_mp_urbaneastern,
          minmay_misc_feat_diagonals
D:2:      layout_loops_ring, basic_altar
D:3:      layout_loops_ring, mainiacjoe_overflow_cross_hatched, serial_shops,
          nicolae_shop_stone, uniq_jessica
D:4:      layout_cave_pools, minmay_misc_feat_cross, uniq_edmund
D:5:      corexii_shack_village, layout_cave_pools, kennysheep_generic_room_10
D:6:      minmay_recursive_quarters, layout_rooms, xom_teletrap_fun,
          chequers_serial_rivers_micro_c, lemuel_flamethrower_2
D:7:      layout_layer_cave, minmay_temple_entry_slanted, uniq_menkaure
D:8:      layout_loops_cross, serial_shops, shop_statue, uniq_pikel, uniq_joseph
D:9:      layout_roguey, nzn_overflow_gifts_of_might_and_magic, minitemple,
          david_orc_3, serial_shops, shop, minmay_statue_bubble
D:10:     layout_cave_pools, erik_lair_orcish_takeover, uniq_harold
D:11:     hangedman_screamer, layout_layer_cave, uniq_gastronok, uniq_urug
D:12:     layout_loops_corners, wad_hexagon, uniq_snorg
D:13:     layout_loops_corners, david_vaults_2, minmay_quadrilaterals
D:14:     gammafunk_beogh_shrine, layout_loops_corners, enter_bailey_4,
          hangedman_abyss_or_decor_stabs, minmay_rotating_lava
D:15:     hangedman_depths_entry_civil_slaughter, layout_cave_pods,
          nrook_mini_vaults
Lair:1:   layout_hall_layers
Lair:2:   layout_hall_layers, minmay_swamp_entry_reptiles,
          chequers_serial_rivers_room_a, guppyfry_lair_drakes
Lair:3:   layout_cave_shapes, grunt_megastairs_3, serial_bayou_shore_a,
          serial_bayou_shore_b, uniq_fannar
Lair:4:   layout_loops_ring, guppyfry_snake_entry_island,
          gauntlet_entry_generic, lemuel_fruit_fields, lemuel_fruit_fields,
          uniq_josephine
Lair:5:   layout_misc_corridors, chequers_serial_rivers_large_a,
          chequers_serial_rivers_small_a, minmay_lair_oklob_chamber,
          infiniplex_staircase_pool
Lair:6:   grunt_lair_end_beastmaster, layout_cave_pods, slime_altar_2,
          basic_altar, uniq_nessos
Swamp:1:  layout_basic_swamp, nicolae_swamp_godswood
Swamp:2:  layout_basic_swamp, hangedman_swamp_cone, swamp_pool3,
          nicolae_swamp_wisp_ring_woods
Swamp:3:  layout_basic_swamp, nicolae_swamp_decorative_isthmus,
          infiniplex_staircase_pool_2
Swamp:4:  byrel_swamp_growth_death_and_undeath, layout_basic_swamp, swamp_pool4
Snake:1:  layout_concentric_octagons, gammafunk_ghost_grave, drop_trap,
          minmay_shoptagon, uniq_aizul, uniq_asterion
Snake:2:  layout_chambers
Snake:3:  layout_cave_town, serial_bayou_shore_b, grunt_megastairs_5
Snake:4:  grunt_snake_rune_serpentine_throne, layout_basic, grunt_ministairs_14,
          st_stairs_2, nicolae_snake_springs
Orc:1:    layout_caves
Orc:2:    st_orc_ogre_mass, layout_caves, portal_ice_cave_entry_pillars_2
Elf:1:    elf_arrival_002, layout_geoelf_diagonals, serial_corexii_hall,
          corexii_hall_statues_l, chequers_hall_statues_y,
          chequers_hall_statues_corner_a, minmay_elf_annihilation
Elf:2:    elven_hall_of_blades_hangedman_original [mumra_blade_entry_bloodbath],
          layout_onion_city, serial_shops, nicolae_square_shop, uniq_agnes,
          uniq_louise
Elf:3:    minmay_elf_hall_not_hex, layout_loops_ring
Vaults:1: nicolae_vaults_big_angled_halls, nicolae_vaults_network_barrier,
          nicolae_vaults_network_periphery, hangedman_vaults_river_flow,
          nicolae_vaults_circle_grid_a, ontoclasm_vaults_eye, v_misc_17,
          vaults_dpeg_cross, nicolae_vaults_asterisk,
          nicolae_vaults_little_squares_6, v_alt_pattern_1,
          layout_vaults_omnicross
Vaults:2: minmay_crypt_entry_simple_walls, hangedman_vaults_snaps,
          v_alt_pattern_1, vaults_dpeg_ring, vaults_room_door_ring, v_misc_18,
          vaults_room_large_hall, nicolae_vaults_circle_grid_a, v_misc_5,
          layout_vaults_chaotic_city, serial_shops, shop
Vaults:3: vaults_room_door_ring, nicolae_vaults_what_the_h,
          nicolae_vaults_shelves_hall, nicolae_vaults_big_angled_halls,
          grunt_vaults_twisty, nicolae_vaults_mini_display_case, v_misc_25,
          v_misc_2, v_alt_pattern_5, vaults_room_door_ring, v_rooms_4,
          vaults_room_fancy_cross, v_misc_22, ontoclasm_vaults_shout,
          vaults_room_fancy_cross, ontoclasm_vaults_gateway,
          layout_vaults_maze_bifur, nicolae_trove_entry_path_of_doom,
          uniq_donald
Vaults:4: hangedman_vaults_impose, nicolae_vaults_ninety_degrees,
          vaults_room_glass_cross, nicolae_vaults_angled_halls, v_rooms_5,
          grunt_vaults_funnel, grunt_vaults_hallway_long, v_misc_33, v_misc_10,
          vaults_mumra_chevron, ontoclasm_vaults_hangar,
          dpeg_vaults_monster_box, vaults_dpeg_hooks, layout_vaults_omnibox,
          portal_desolation_entry_twin_temple
Vaults:5: uniq_xtahua
Depths:1: layout_small_grid, nicolae_qazlal_general_emergency, hell_entry,
          minmay_misc_feat_chi, nicolae_sif_muna_little_library
Depths:2: minmay_the_grid_square_5x5_5x5 [minmay_the_grid_square_5x5_inset,
          minmay_the_grid_square_5x5_half_checkered,
          minmay_the_grid_square_5x5_eight,
          minmay_the_grid_square_5x5_spiral_small, minmay_the_grid_square_5x5_c,
          minmay_the_grid_square_5x5_v,
          minmay_the_grid_square_5x5_prize_snowflake,
          minmay_the_grid_square_5x5_dogpile,
          minmay_the_grid_square_5x5_prize_itemx,
          minmay_the_grid_square_5x5_checkered_statues,
          minmay_the_grid_square_5x5_n, minmay_the_grid_square_5x5_detours,
          minmay_the_grid_square_5x5_prize_rear_guard,
          minmay_the_grid_square_5x5_two_walls_b,
          minmay_the_grid_square_5x5_two_walls_a,
          minmay_the_grid_square_5x5_intrusive_squares,
          minmay_the_grid_square_5x5_prize_deathbox,
          minmay_the_grid_square_5x5_hourglass,
          minmay_the_grid_square_5x5_prize_waves,
          minmay_the_grid_square_5x5_beaten_path,
          minmay_the_grid_square_5x5_tetrominoes,
          minmay_the_grid_square_5x5_gyroscope, minmay_the_grid_square_5x5_z,
          minmay_the_grid_square_5x5_tie, minmay_the_grid_square_5x5_bridge],
          layout_gridville, abyss_entry, hex_tiny, grunt_metal_band,
          serial_shops, nicolae_diamond_shop, patterned_corridor
Depths:3: kennysheep_large_spiral, layout_basic, enter_ziggurat_a, serial_shops,
          kennysheep_mini, pan_entry, nzn_hepliaklqana_mist_gate,
          grunt_hell_entry_dis_old, infiniplex_staircase_trident,
          minmay_shop_star, uniq_saint_roka, uniq_frederick, uniq_boris
Depths:4: minmay_bad_star, layout_cave_pools, serial_co_window_serial,
          co_window_paths_a, co_window_corner_a, co_window_corner_a,
          co_window_paths_b, co_window_of_opportunity_a, co_window_broadway_a,
          co_window_broadway_b, co_window_2corner, co_window_of_opportunity_c,
          co_window_4corner_a, co_window_paths_d, glass_columns_c,
          glass_columns_a, glass_columns_a, glass_columns_b, hell_entry,
          abyss_entry, pan_entry
Depths:5: evilmike_zot_entry_argh, layout_long_grid, pf_coc_iceberg,
          moated_statue
Hell
Zot:1:    layout_basic
Zot:2:    kennysheep_ambush_hall, layout_cathedral_of_symmetry
Zot:3:    ebering_greatest_show_in_zot, layout_basic, st_stairs_11,
          zot_minivault_4
Zot:4:    nicolae_zot_draconian_monastery, layout_cathedral_of_symmetry,
          hangedman_zot_decor_scrapings
Zot:5:    layout_gridlike, drop_trap

Skill      XL: |  1  2  3  4  5  6  7  8  9 10 11 12 13 14 15 16 17 18 19 20 21 22 23 24 25 26 27 |
---------------+----------------------------------------------------------------------------------+-----
Dodging        | 1 2 3 4 5 6 10 16 | 16.1
Polearms       | 3 4 5 6 8 9 10 11 13 15 16 17 20 22 23 24 26 | 26.0
Invocations    | 3 4 5 7 8 9 10 11 15 17 25 | 25.7
Fighting       | 4 5 6 7 8 9 10 11 13 14 18 19 22 | 22.6
Shields        | 2 4 6 7 9 11 15 | 15.0
Stealth        | 3 5 7 8 12 | 12.0
Evocations     | 2 4 6 8 14 16 | 16.5
Armour         | 5 11 18 | 18.3
Hexes          | 6 10 11 | 11.0
Spellcasting   | 5 8 10 | 10.0
Air Magic      | 4 7 8 |  8.0

Action                   |  1- 3 |  4- 6 |  7- 9 | 10-12 | 13-15 | 16-18 | 19-21 | 22-24 | 25-27 || total
-------------------------+-------+-------+-------+-------+-------+-------+-------+-------+-------++-------
Melee: Spear             |   103 |       |       |       |       |       |       |       |       ||   103
       Demon trident     |     3 |    77 |   253 |   609 |  1050 |  1743 |  1681 |   267 |       ||  5683
       Bardiche          |       |       |       |       |       |       |       |  1299 |  3370 ||  4669
 Cast: Silence           |       |       |       |       |       |    10 |    11 |     7 |     6 ||    34
Invok: Bend Space        |       |       |     1 |     5 |     1 |     5 |     4 |    24 |    13 ||    53
       Banish            |       |       |       |     1 |     8 |       |     5 |     4 |     3 ||    21
       Corrupt           |       |       |       |     1 |       |     1 |     1 |     1 |     4 ||     8
       Depart the Abyss  |       |       |       |       |       |     1 |       |       |       ||     1
       Enter the Abyss   |       |       |       |       |       |       |       |       |     2 ||     2
 Abil: Dig               |     1 |       |     3 |    10 |     6 |    18 |    17 |     2 |    72 ||   129
       Shaft Self        |     1 |       |       |       |     1 |     1 |     3 |       |     1 ||     7
Evoke: Wand              |       |       |       |     5 |     6 |     1 |     9 |     4 |    24 ||    49
       Condenser vane    |       |       |       |       |       |     1 |     2 |     1 |     2 ||     6
  Use: Scroll            |     4 |     6 |     3 |     4 |     8 |     4 |     8 |     5 |    26 ||    68
       Potion            |       |       |       |     4 |     2 |     4 |     3 |     2 |    18 ||    33
 Stab: Sleeping          |       |       |       |     4 |    21 |    18 |    23 |    35 |    24 ||   125
       Distracted        |       |       |       |     2 |     4 |     2 |     9 |     6 |    29 ||    52
       Paralysed         |       |       |       |       |     3 |     2 |     5 |     1 |     6 ||    17
       Petrified         |       |       |       |       |       |     4 |       |       |       ||     4
       Petrifying        |       |       |       |       |       |     2 |       |       |       ||     2
       Held in net/web   |       |       |       |       |       |       |       |       |     1 ||     1
Armor: Leather armour    |    16 |    15 |     2 |       |       |       |       |       |       ||    33
       Chain mail        |       |       |    69 |   153 |       |       |       |       |       ||   222
       Ring mail         |       |       |       |   112 |   198 |   237 |   145 |       |       ||   692
       Swamp dragon scal |       |       |       |       |       |       |   151 |   396 |   664 ||  1211
Dodge: Dodged            |    41 |    55 |   146 |   364 |   220 |   250 |   332 |   563 |   907 ||  2878
Block: Tower shield      |       |       |       |   215 |   557 |   890 |   922 |  1413 |  2596 ||  6593
       Reflection        |       |       |       |       |       |       |       |    22 |    54 ||    76
